 Dungeon Sprint DCSS version 0.29-a0-789-g7a8fcbc185 (webtiles) character file.

Game seed: 7763409448004027156

18995 mhtbhm the Ninja (level 12, -11/61 HPs)
             Began as a Spriggan Enchanter on July 2, 2022.
             Was an Initiate of Gozag.
             Killed from afar by a fire giant (32 damage)
             ... with a fireball
             ... in the Dungeon (Sprint IX: "|||||||||||||||||||||||||||||").
             The game lasted 00:08:58 (3236 turns).

mhtbhm the Ninja (Spriggan Enchanter)               Turns: 3236, Time: 00:08:59

Health: -11/61     AC:  4    Str:  7    XL:     12   Next: 32%
Magic:  6/32       EV: 28    Int: 16    God:    Gozag
Gold:   6325       SH:  0    Dex: 21    Spells: 31/42 levels left

rFire   . . .      SeeInvis +   a - +3 quick blade
rCold   . . .      Faith    .   (no shield)
rNeg    . . .      Spirit   .   b - +0 robe
rPois   .          Reflect  .   (helmet restricted)
rElec   .          Harm     .   k - +1 cloak
rCorr   .          Rampage  .   (gloves unavailable)
Will    ++...      NoTele   +   (boots unavailable)
Stlth   ++++++++++              (no amulet)
HPRegen 0.20/turn               l - +3 ring of strength
MPRegen 0.23/turn               m - +2 ring of evasion

@: gold aura, very quick
A: very small, no large weapons, unfitting armour, see invisible, speed 3
a: Renounce Religion, Potion Petition, Call Merchant, Bribe Branch


You were in the Dungeon.
You worshipped Gozag.
Gozag was greatly pleased with you.
You visited 1 branch You collected 7763 gold pieces.
You spent 1438 gold pieces at shops.

Inventory:

Hand Weapons
 a - a +3 quick blade (weapon)
Missiles
 d - 6 poisoned darts (quivered)
Armour
 b - a +0 robe (worn)
 k - a +1 cloak (worn)
Jewellery
 l - a +3 ring of strength (left hand)
 m - a +2 ring of evasion (right hand)
 x - a ring of ice
 y - a ring of willpower
 z - a ring of poison resistance
Wands
 j - a wand of roots (9)
Scrolls
 h - 2 scrolls of amnesia
 i - 6 scrolls of blinking
 q - 5 scrolls of identify
 r - 8 scrolls of enchant weapon
 u - 2 scrolls of fear
 v - 2 scrolls of enchant armour
 w - a scroll of vulnerability
 B - a scroll of fog
Potions
 c - a potion of invisibility
 e - 6 potions of curing
 f - a potion of haste
 g - 4 potions of magic
 n - 5 potions of heal wounds
 o - a potion of brilliance
 p - a potion of berserk rage
 s - a potion of resistance
 t - a potion of might
 A - a potion of mutation


   Skills:
 + Level 6.1 Fighting
 + Level 12.7 Short Blades
 + Level 10.7 Dodging
 O Level 27 Stealth
 + Level 15.8 Spellcasting
 + Level 17.4 Hexes
 + Level 8.1 Ice Magic
 + Level 1.0 Evocations


You had 31 spell levels left.
You knew the following spells:

 Your Spells              Type           Power      Damage    Failure   Level
a - Ensorcelled Hibernat  Hex/Ice        100%       N/A       1%          2
b - Confusing Touch       Hex            62%        N/A       0%          3
c - Tukima's Dance        Hex            62%        N/A       0%          3
d - Dazzling Flash        Conj/Hex       80%        N/A       1%          3

Your spell library contained the following spells:

 Spells                   Type           Power      Damage    Failure   Level
 Portal Projectile        Hex/Tloc       80%        N/A       1%          3
 Leda's Liquefaction      Hex/Erth       20%        N/A       1%          4
 Silence                  Hex/Air        20%        N/A       4%          5
 Call Canine Familiar     Summ           12%        N/A       16%         3
 Agony                    Necr           12%        N/A       80%         5


Dungeon Overview and Level Annotations

Branches:
Dungeon (1/1)

Altars:
Cheibriados
Dithmenos
Elyvilon
Fedhas
Gozag
Hepliaklqana
Kikubaaqudgha
Makhleb
Nemelex Xobeh
Okawaru
Qazlal
Ru
Sif Muna
Trog
Uskayaw
Vehumet
Wu Jian
Xom
Yredelemnul
Zin
The Shining One
Jiyva
Lugonu

Shops:
D ?!::


Innate Abilities, Weirdness & Mutations

You are very small and have problems with some larger weapons.
You are too small for most types of armour.
You have supernaturally acute eyesight. (SInv)
You cover ground extremely quickly. (Speed+++)


Message History

Casting: Ensorcelled Hibernation (safe; 1% risk of failure)
Confirm with . or Enter, or press ? or * to list all spells.
Okay, then.
Casting: Ensorcelled Hibernation (safe; 1% risk of failure)
Confirm with . or Enter, or press ? or * to list all spells.
Okay, then.
The hell knight is distracted by your dazzling golden aura.
Items here: $ )) [.
Unknown command.
There is an open door to the Dungeon, spattered with blood here.
You see here 63 gold pieces.
Casting: Ensorcelled Hibernation (safe; 1% risk of failure)
Confirm with . or Enter, or press ? or * to list all spells.
Aiming: Ensorcelled Hibernation (safe; 1% risk of failure)
Press: ? - help, Shift-Dir - straight line, f - cyan ugly thing
Aim: a cyan ugly thing (chance to affect: 54%)
The cyan ugly thing looks drowsy...
Items here: $ )) [.
The helpless cyan ugly thing fails to defend itself.
You perforate the cyan ugly thing like a sieve!!!!!
You kill the cyan ugly thing!
You have mastered Stealth!
Unknown command.
Casting: Ensorcelled Hibernation (safe; 1% risk of failure)
Confirm with . or Enter, or press ? or * to list all spells.
Casting: Dazzling Flash (safe; 1% risk of failure)
Press: ? - help, Dir - look around, f - activate The fire giant is dazzled.
The hell knight shouts!
The hell knight is no longer distracted by gold.
The fire giant casts a spell at you.
The fireball explodes!
The fireball engulfs you!!
You hear a shout!
Unknown command.
Unknown command.
The fire giant gestures at something while chanting.
The fireball explodes!
The fireball engulfs you!!
Ouch! That really hurt!
You die...
Your body crumbles into a pile of gold.

▓.▓.▓.▓.▓∩▓.▓.▓
▓.▓.▓.▓.▓.▓.▓.▓
▓)▓.▓.▓.▓∩▓.▓p▓
▓)▓.▓.▓.▓.▓.▓.▓
▓[▓.▓.▓.▓∩▓.▓c▓
▓.▓.▓.▓.▓[▓.▓C▓
▓)▓.▓.▓.▓.▓.▓$▓
▓.▓.▓.▓.▓.▓.▓$▓
▓.▓.▓.▓.▓[▓.▓@▓
▓'▓.▓'▓.▓)▓.▓.▓
▓_▓.▓.▓.▓'▓.▓.▓
▓_▓.▓.▓.▓.▓.▓.▓
▓_▓.▓.▓.▓.▓.▓.▓
▓_▓.▓.▓.▓.▓.▓.▓
▓_▓.▓.▓.▓.▓.▓.▓
▓_▓.▓.▓.▓.▓.▓.▓
▓_▓.▓.▓.▓)▓.▓.▓


You could see a fire giant (blind), a hell knight and a yaktaur.

Vanquished Creatures
  A very ugly thing (D)
  Josephine (D)
  A boulder beetle (D)
  2 hydras (D)
  3 centaur warriors (D)
  2 two-headed ogres (D)
  6 orc high priests (D)
  A lindwurm (D)
  An orc knight (D)
  2 deep elf pyromancers (D)
  3 ugly things (D)
  An orc sorcerer (D)
  An elephant (D)
  3 cane toads (D)
  2 komodo dragons (D)
  A freezing wraith (D)
  A troll (D)
  2 blink frogs (D)
  A tyrant leech (D)
  4 wraiths (D)
  3 basilisks (D)
  A yak (D)
  A steam dragon (D)
  2 water moccasins (D)
  10 orc warriors (D)
  An ice beast (D)
  A black bear (D)
  An ogre (D)
  A kobold brigand (D)
  2 bullfrogs (D)
  A scorpion (D)
  A killer bee (D)
  13 orc priests (D)
  5 orc wizards (D)
  An adder (D)
  6 worms (D)
  5 orcs (D)
  A ball python (D)
  A bat (D)
  2 goblins (D)
  A kobold (D)
99 creatures vanquished.

Notes
Turn   | Place    | Note
-------+----------+-------------------------------------------
     0 | D        | mhtbhm the Spriggan Enchanter began the quest for the Orb.
     0 | D        | Reached XP level 1. HP: 9/9 MP: 5/5
    14 | D        | Reached skill level 5 in Stealth
    96 | D        | Noticed a scorpion
    96 | D        | Noticed an ogre
    96 | D        | Noticed a black bear
    96 | D        | Noticed an ice beast
   114 | D        | Killed an ice beast
   115 | D        | Reached skill level 8 in Stealth
   115 | D        | Reached XP level 2. HP: 13/13 MP: 5/8
   115 | D        | Reached XP level 3. HP: 16/16 MP: 6/10
   115 | D        | Reached XP level 4. HP: 21/21 MP: 6/11
   116 | D        | Killed a black bear
   117 | D        | Reached skill level 5 in Dodging
   117 | D        | Reached skill level 10 in Stealth
   117 | D        | Reached skill level 5 in Spellcasting
   117 | D        | Reached XP level 5. HP: 24/24 MP: 7/14
   118 | D        | Killed an ogre
   119 | D        | Reached skill level 11 in Stealth
   119 | D        | Reached XP level 6. HP: 28/28 MP: 8/16
   191 | D        | Reached skill level 12 in Stealth
   191 | D        | Reached skill level 10 in Hexes
   208 | D        | Found a snail-covered altar of Cheibriados.
   208 | D        | Found a shadowy altar of Dithmenos.
   208 | D        | Found a white marble altar of Elyvilon.
   208 | D        | Found a blossoming altar of Fedhas.
   208 | D        | Found an opulent altar of Gozag.
   209 | D        | Found a hazy altar of Hepliaklqana.
   210 | D        | Found a viscous altar of Jiyva.
   211 | D        | Found an ancient bone altar of Kikubaaqudgha.
   212 | D        | Found a corrupted altar of Lugonu.
   213 | D        | Found a burning altar of Makhleb.
   214 | D        | Found a sparkling altar of Nemelex Xobeh.
   215 | D        | Found an iron altar of Okawaru.
   216 | D        | Found a stormy altar of Qazlal.
   217 | D        | Found a sacrificial altar of Ru.
   218 | D        | Found a shimmering blue altar of Sif Muna.
   222 | D        | Became a worshipper of Gozag Ym Sagoz the Greedy
   226 | D        | Found a bloodstained altar of Trog.
   227 | D        | Found a hide-covered altar of Uskayaw.
   228 | D        | Found a radiant altar of Vehumet.
   229 | D        | Found an ornate altar of the Wu Jian Council.
   230 | D        | Found a shimmering altar of Xom.
   231 | D        | Found a basalt altar of Yredelemnul.
   232 | D        | Found a glowing silver altar of Zin.
   233 | D        | Found a glowing golden altar of the Shining One.
   462 | D        | Noticed a two-headed ogre
   462 | D        | Noticed a troll
   462 | D        | Noticed a steam dragon
   474 | D        | Killed a steam dragon
   475 | D        | Reached skill level 1 in Fighting
   475 | D        | Reached skill level 5 in Short Blades
   475 | D        | Reached skill level 13 in Stealth
   530 | D        | Learned a level 2 spell: Ensorcelled Hibernation
   534 | D        | Learned a level 3 spell: Confusing Touch
   538 | D        | Learned a level 3 spell: Tukima's Dance
   542 | D        | Learned a level 3 spell: Dazzling Flash
   634 | D        | Killed a troll
   635 | D        | Reached skill level 14 in Stealth
   635 | D        | Reached XP level 7. HP: 34/34 MP: 16/19
   686 | D        | Killed a two-headed ogre
   687 | D        | Reached skill level 16 in Stealth
   687 | D        | Reached XP level 8. HP: 39/39 MP: 18/21
   728 | D        | Noticed a centaur warrior
   728 | D        | Noticed a brown ugly thing
   728 | D        | Noticed a two-headed ogre
   728 | D        | Noticed a boulder beetle
   728 | D        | Noticed a centaur warrior
   731 | D        | Killed a centaur warrior
   732 | D        | Reached skill level 17 in Stealth
   732 | D        | Reached skill level 1 in Ice Magic
   818 | D        | Killed a boulder beetle
   819 | D        | Reached skill level 18 in Stealth
   819 | D        | Reached XP level 9. HP: 45/45 MP: 18/23
   823 | D        | Killed a two-headed ogre
   824 | D        | Reached skill level 10 in Short Blades
   824 | D        | Reached skill level 19 in Stealth
   844 | D        | Killed a brown ugly thing
   845 | D        | Reached skill level 10 in Spellcasting
   875 | D        | Killed a centaur warrior
   876 | D        | Reached skill level 20 in Stealth
   876 | D        | Reached skill level 1 in Evocations
   876 | D        | Reached XP level 10. HP: 26/51 MP: 16/25
  1128 | D        | Noticed a cane toad
  1129 | D        | Noticed a cane toad
  1130 | D        | Noticed a five-headed hydra
  1136 | D        | Killed a cane toad
  1143 | D        | Killed a five-headed hydra
  1144 | D        | Reached skill level 21 in Stealth
  1148 | D        | Killed a cane toad
  1263 | D        | Noticed an elephant
  1263 | D        | Noticed a cane toad
  1265 | D        | Killed a cane toad
  1266 | D        | Reached skill level 5 in Ice Magic
  1266 | D        | Noticed a four-headed hydra
  1270 | D        | Reached skill level 5 in Fighting
  1270 | D        | Reached skill level 22 in Stealth
  1271 | D        | Killed an elephant
  1298 | D        | Killed a four-headed hydra
  1299 | D        | Reached skill level 15 in Hexes
  1299 | D        | Reached XP level 11. HP: 56/56 MP: 17/28
  1305 | D        | Reached skill level 23 in Stealth
  1396 | D        | Noticed a lindwurm
  1404 | D        | Killed a lindwurm
  1955 | D        | Noticed an orc sorcerer
  1959 | D        | Killed an orc sorcerer
  1960 | D        | Reached skill level 10 in Dodging
  1962 | D        | Reached skill level 24 in Stealth
  2094 | D        | Found Fadaj's Book Boutique.
  2094 | D        | Noticed an orc high priest
  2094 | D        | Noticed an orc high priest
  2094 | D        | Noticed an orc high priest
  2098 | D        | Noticed an orc high priest
  2162 | D        | Killed an orc high priest
  2295 | D        | Killed an orc high priest
  2477 | D        | Killed an orc high priest
  2478 | D        | Reached skill level 25 in Stealth
  2478 | D        | Found Visubaf's Book Shop.
  2486 | D        | Found Kenusabasm's Distillery.
  2489 | D        | Killed an orc high priest
  2497 | D        | Noticed an orc high priest
  2502 | D        | Found Weawyuts's Magic Scroll Shop.
  2507 | D        | Killed an orc high priest
  2695 | D        | Noticed an orc high priest
  2704 | D        | Killed an orc high priest
  2749 | D        | Bought a book of the Senses for 416 gold pieces
  2749 | D        | Bought a book of the Hunter for 338 gold pieces
  2907 | D        | Bought a potion of resistance for 140 gold pieces
  2907 | D        | Bought 2 potions of curing for 84 gold pieces
  2907 | D        | Bought a potion of might for 56 gold pieces
  2909 | D        | Bought a scroll of fear for 38 gold pieces
  2909 | D        | Bought a scroll of blinking for 82 gold pieces
  2909 | D        | Bought a scroll of enchant armour for 82 gold pieces
  2909 | D        | Bought a scroll of fear for 38 gold pieces
  2909 | D        | Bought a scroll of enchant armour for 82 gold pieces
  2909 | D        | Bought a scroll of vulnerability for 82 gold pieces
  2932 | D        | Noticed Josephine
  2944 | D        | Killed Josephine
  2992 | D        | Reached skill level 26 in Stealth
  3007 | D        | Reached XP level 12. HP: 49/60 MP: 31/31
  3190 | D        | Noticed a centaur warrior
  3196 | D        | Noticed a purple very ugly thing
  3197 | D        | Reached skill level 15 in Spellcasting
  3211 | D        | Noticed a fire giant
  3212 | D        | Killed a centaur warrior
  3229 | D        | Killed a purple very ugly thing
  3235 | D        | Reached skill level 27 in Stealth
  3236 | D        | Killed from afar by a fire giant

Illustrated notes

Levels and vault maps discovered:
D:        linesprint [early_d, line_temple, items_1, d_10, items_2, lair_1,
          lair_end, items_3, orc_1, orc_end, items_4, d_15, swamp_1, shoals_1,
          snake_1, spider_1, d_20, vaults_1, items_5, swamp_end, shoals_end,
          snake_end, spider_end, vaults_end, d_27, items_6, zot_1, zot_end,
          crypt_end, forest_end, elf_end, slime_end, tomb_end, abyss_end,
          pan_hell_end]

Skill      XL: |  1  2  3  4  5  6  7  8  9 10 11 12 |
---------------+-------------------------------------+-----
Hexes          | 7 9 11 12 13 15 16 17 | 17.4
Spellcasting   | 4 5 6 7 8 9 10 12 14 15 | 15.8
Stealth        | 8 10 11 14 16 18 20 22 26 27 | 27.0
Dodging        | 4 5 6 7 8 9 10 | 10.7
Short Blades   | 2 3 6 7 9 11 12 | 12.7
Fighting       | 1 2 3 4 5 6 |  6.1
Ice Magic      | 2 3 5 7 8 |  8.1
Evocations     | 1 |  1.0

Action                   |  1- 3 |  4- 6 |  7- 9 | 10-12 || total
-------------------------+-------+-------+-------+-------++-------
Melee: Dagger            |    13 |    34 |       |       ||    47
       Punch             |     1 |       |       |     2 ||     3
       Rapier            |       |     8 |    15 |    60 ||    83
       Short sword       |       |       |       |   117 ||   117
       Quick blade       |       |       |       |    19 ||    19
 Cast: Ensorcelled Hiber |       |     1 |    12 |    68 ||    81
       Confusing Touch   |       |       |       |     3 ||     3
       Dazzling Flash    |       |       |       |     3 ||     3
Evoke: Wand              |       |     1 |       |       ||     1
  Use: Potion            |     3 |     6 |       |     2 ||    11
 Stab: Sleeping          |     1 |     1 |     8 |    53 ||    63
       Invisible         |       |     4 |       |     4 ||     8
       Confused          |       |       |       |     2 ||     2
       Distracted        |       |       |       |     3 ||     3
Armor: Robe              |     2 |     3 |       |     1 ||     6
Dodge: Dodged            |     9 |    30 |    13 |    80 ||   132

Table legend: (Time is in decaauts)
 A = Elapsed time spent in this place.
 B = Non-inter-level travel time spent in this place.
 C = Inter-level travel time spent in this place.
 D = Time resting spent in this place.
 E = Time spent auto-exploring this place.
 F = Levels seen in this place.
 G = Mean time per level.
                   A        B        C        D        E       F      G
               +--------+--------+--------+--------+--------+-----+--------+
         Total |   2738 |   2738 |      0 |    798 |   1126 |   1 | 2738.0 |
       Dungeon |   2738 |   2738 |      0 |    798 |   1126 |   1 | 2738.0 |
               +--------+--------+--------+--------+--------+-----+--------+

Top non-repeatable levels by time:
       D: 2738 daAuts
